 Dungeon Crawl Stone Soup version 0.22.1-2-g9c5b331 (webtiles) character file.

111 diana the Cutter (level 4, -2/34 HPs)
             Began as a Demonspawn Gladiator on Dec 29, 2018.
             Slain by a hobgoblin (3 damage)
             ... led by Robin
             ... on level 3 of the Dungeon.
             The game lasted 00:03:52 (1983 turns).

diana the Cutter (Demonspawn Gladiator)             Turns: 1983, Time: 00:03:54

Health: -2/34      AC:  5    Str: 16    XL:     4   Next: 62%
Magic:  0/4        EV: 13    Int:  9    God:
Gold:   119        SH:  0    Dex: 14    Spells: 3/3 levels left

rFire    . . .     SeeInvis .   a - +0 rapier
rCold    . . .     Gourm    .   (no shield)
rNeg     . . .     Faith    .   b - +0 leather armour
rPois    .         Spirit   +   c - +0 helmet
rElec    .         Reflect  .   i - +0 cloak (curse)
rCorr    .         Harm     .   (no gloves)
MR       .....                  (no boots)
Stlth    +.........             (no amulet)
HPRegen  0.11/turn              (no ring)
MPRegen  0.09/turn              (no ring)

@: no status effects
A: powered by death 1, magic shield
a: no special abilities


You were on level 3 of the Dungeon.
You were hungry.

You visited 1 branch of the dungeon, and saw 3 of its levels.

You collected 119 gold pieces.

Inventory:

Hand Weapons
 a - a +0 rapier (weapon)
Missiles
 d - 3 throwing nets (quivered)
Armour
 b - a +0 leather armour (worn)
 c - a +0 helmet (worn)
 h - a +0 robe of the Archmagi
 i - a cursed +0 cloak (worn)
Scrolls
 e - 2 scrolls of identify {unknown}
 g - a scroll of blinking {unknown}
 j - a scroll of fog {unknown}
 k - a scroll of remove curse {unknown}
 l - 2 scrolls of magic mapping {unknown}
 m - a scroll of teleportation {unknown}
Comestibles
 f - 6 rations


   Skills:
 + Level 2.9 Fighting
 * Level 3.7 Short Blades
 - Level 1.7 Throwing
 + Level 1.4 Armour
 + Level 3.2 Dodging


You had 3 spell levels left.
You didn't know any spells.
Your spell library contained the following spells:

 Spells                   Type           Power        Failure   Level  Hunger
 Beastly Appendage        Tmut           #.....       45%         1    ##.....
 Magic Dart               Conj           #...         45%         1    ##.....
 Searing Ray              Conj           #.....       58%         2    ###....
 Sticks to Snakes         Tmut           #.......     58%         2    ###....
 Dazzling Spray           Conj/Hex       #.....       83%         3    ####...
 Spider Form              Tmut/Pois      #.........   83%         3    ####...
 Force Lance              Conj/Tloc      #.......     99%         4    #####..
 Fulminant Prism          Conj/Hex       #.........   99%         4    #####..
 Ice Form                 Ice/Tmut       #.......     99%         4    #####..
 Iskenderun's Mystic Bla  Conj           #.......     99%         4    #####..
 Blade Hands              Tmut           #.........   100%        5    ######.


Dungeon Overview and Level Annotations

Branches:
Dungeon (3/15)

Altars:
Hepliaklqana

Annotations:
D:3 Robin


Innate Abilities, Weirdness & Mutations

You regenerate a little health from kills.
When hurt, damage is shared between your health and your magic reserves.


Message History

Robin throws the goblin at you! The goblin misses you.
You hit the goblin.
The goblin is heavily wounded.
The goblin no longer looks unusually strong.
The hobgoblin closely misses you.
Robin roars a battlecry!
The goblins go into a battle-frenzy!
The goblin hits you.
* * * LOW HITPOINT WARNING * * *
You hit the goblin.
You kill the goblin!
The hobgoblin hits you but does no damage.
Robin throws the goblin at you!
You barely miss the goblin.
The goblin hits you with a dagger of holy wrath.
* * * LOW HITPOINT WARNING * * *
You convulse.
* * * LOW HITPOINT WARNING * * *
The hobgoblin hits you.
You die...

#.......#.)g..##### #.#
#.......#.#g#.....# #.#
#.......#.#$#.###.# #..
#.......#.#..g..#.#
.####
#.......#...#g#.#.#
#..... #.......#.###.#
#.# #.#..... #..)....#..
#g# #.#####.#.....
#.......#...#g#
#.............
#.......#.(.#@#
#..#....#.....
#######.#...#g#
#<.#.####..... #.#...#..
#..#.# #.....
#.#...#####..#.# #.....
#.#..........#.# #.(...
#.##..######.#.####.....
#............#..........
#####.##################
###


You could see Robin, 2 hobgoblins and 2 goblins.

Vanquished Creatures
  5 adders
  A worm (D:3)
  2 dart slugs
  2 leopard geckos
  An orc (D:3)
  3 ball pythons
  2 giant cockroaches
  14 goblins
  4 hobgoblins
  3 jackals (D:1)
  4 bats (D:3)
  2 frilled lizards (D:2)
  5 kobolds
  5 rats
53 creatures vanquished.

Vanquished Creatures (others)
  10 fungi (D:2)
  3 toadstools (D:2)
13 creatures vanquished.

Grand Total: 66 creatures vanquished

Notes
Turn   | Place    | Note
-------+----------+-------------------------------------------
     0 | D:1      | diana the Demonspawn Gladiator began the quest for the Orb.
     0 | D:1      | Reached XP level 1. HP: 16/16 MP: 1/1
   159 | D:1      | Gained mutation: When hurt, damage is shared between your
                  | health and your magic reserves. [demonic ancestry]
   159 | D:1      | Reached XP level 2. HP: 17/22 MP: 2/2
   617 | D:2      | Reached XP level 3. HP: 12/28 MP: 0/3
   625 | D:2      | Reached skill level 1 in Armour
  1038 | D:2      | Found a hazy altar of Hepliaklqana.
  1453 | D:3      | Gained mutation: You regenerate a little health from kills.
                  | [demonic ancestry]
  1453 | D:3      | Reached XP level 4. HP: 30/34 MP: 4/4
  1943 | D:3      | Noticed Robin
  1983 | D:3      | HP: 1/34 [goblin/dagger of holy wrath[Robin] (1)]
  1983 | D:3      | Slain by a hobgoblin

Skill      XL: |  1  2  3 |
---------------+----------+-----
Short Blades   | 3 |  3.7
Armour         | 1 |  1.4
Dodging        | 3 |  3.2
Fighting       | |  2.9
Throwing       | |  1.7

Action                   |  1- 3 |  4- 6 || total
-------------------------+-------+-------++-------
Melee: Rapier            |   106 |    75 ||   181
  Use: Potion            |     2 |       ||     2
  Eat: Chunk             |       |     3 ||     3
Armor: Leather armour    |    16 |    31 ||    47
Dodge: Dodged            |    78 |    77 ||   155
